 Dungeon Crawl Stone Soup version 0.18-a0-1285-g60d00e1 (webtiles) character file.

42 M4edhros the Ducker (level 3, -1/19 HPs)
             Began as a Spriggan Chaos Knight on Feb 8, 2016.
             Incinerated by a mottled dragon (4 damage)
             ... with a sticky flame
             ... on level 2 of the Dungeon.
             The game lasted 00:01:12 (932 turns).

M4edhros the Ducker (Spriggan Chaos Knight)          Turns: 932, Time: 00:01:12

Health: -1/19      AC:  4    Str:  8    XL:     3   Next: 33%
Magic:  4/4        EV: 19    Int: 14    God:    Xom [..*...]
Gold:   38         SH:  0    Dex: 15    Spells: 0 memorised, 2 levels left

rFire  . . .     SeeInvis +     a - +0 spear (chaos)
rCold  . . .     Gourm    .     b - +2 robe
rNeg   . . .     Faith    .     (shield currently unavailable)
rPois  .         Spirit   .     (helmet restricted)
rElec  .         Dismiss  .     (no cloak)
rCorr  .         Reflect  .     (gloves unavailable)
SustAt .         Harm     .     (boots unavailable)
MR     .....                    (no amulet)
Stlth  +.........               (no ring)
                                (no ring)

@: liquid flames, glowing, very quick, not resistant to hostile enchantments,
very unstealthy
A: unfitting armour, see invisible, herbivore 3, speed 3, slow metabolism 2
a: Renounce Religion


You were on level 2 of the Dungeon.
You worshipped Xom.
You were a toy of Xom.
You were not hungry.

You visited 1 branch of the dungeon, and saw 2 of its levels.

You collected 38 gold pieces.

Inventory:

Hand Weapons
 a - a +0 spear of chaos (weapon)
Armour
 b - a +2 robe (worn)
Scrolls
 d - a scroll of random uselessness {unknown}
 e - 2 scrolls of identify {unknown}
 g - a scroll of recharging {unknown}
 i - a scroll of teleportation {unknown}
Comestibles
 c - a bread ration


   Skills:
 - Level 2.4 Fighting
 - Level 2.1 Polearms
 + Level 4.8 Dodging
 + Level 3.2 Stealth


You had 2 spell levels left.
You didn't know any spells.

Dungeon Overview and Level Annotations

Branches:
Dungeon (2/15)

Altars:

Annotations:
D:2 Robin


Innate Abilities, Weirdness & Mutations

You are tiny and cannot use many weapons and most armour.
You have supernaturally acute eyesight.
You are a herbivore.
You cover ground extremely quickly.
You need consume almost no food.


Message History

You are covered in liquid flames!
* * * LOW HITPOINT WARNING * * *
A mottled dragon is nearby!
You are too injured to fight recklessly!
A mottled dragon is nearby!
You are too injured to fight recklessly!
A mottled dragon is nearby!
You are too injured to fight recklessly!
Drink which item? (? for menu, Esc to quit)
It was a potion of curing.
You feel better.
Xom thinks this is hilarious!
You are covered in liquid flames!
The mottled dragon closely misses you. The mottled dragon claws you.
* * * LOW HITPOINT WARNING * * *
Drink which item? (? for menu, Esc to quit)
It was a potion of magic.
Magic courses through your body.
Xom roars with laughter!
You are covered in liquid flames!
You die...
Xom titters!

##### ...#
##.#####.######
......D@>.....#
##.##.##.####.#
.b ...#..#.#
#..#.####..#.#
#. # #..#.# #
#....#..#
#.####..# #.#
#..# #.# #..#


You could see a mottled dragon.

Vanquished Creatures
  An adder (D:1)
  2 giant geckos (D:1)
  A giant cockroach (D:1)
  A goblin (D:1)
  6 hobgoblins (D:1)
  7 jackals (D:1)
  4 kobolds (D:1)
  3 bats (D:1)
  3 rats (D:1)
28 creatures vanquished.

Notes
Turn   | Place    | Note
--------------------------------------------------------------
     0 | D:1      | M4edhros the Spriggan Chaos Knight began the quest for the Orb.
     0 | D:1      | Reached XP level 1. HP: 11/11 MP: 2/2
    52 | D:1      | Reached skill level 1 in Stealth
    69 | D:1      | XOM: potion effect (berserk rage)
    79 | D:1      | XOM: silly message
    81 | D:1      | Reached skill level 4 in Dodging
    84 | D:1      | Reached XP level 2. HP: 16/16 MP: 3/3
   495 | D:1      | XOM: cast spell 'Shadow Creatures'
   507 | D:1      | XOM: mild Ice miscast
   567 | D:1      | Reached XP level 3. HP: 19/19 MP: 4/4
   780 | D:1      | XOM: silly message
   829 | D:2      | Noticed Robin
   928 | D:2      | Noticed a mottled dragon
   928 | D:2      | a worm changed into a mottled dragon
   929 | D:2      | XOM: butterfly on damage
   932 | D:2      | Incinerated by a mottled dragon

Vault maps used:
D:1:      dpeg_arrival_lava_altar, bh_walls_and_bars
D:2:      cheibriados_altar_1, gammafunk_pakellas_statue_experiment,
          nicolae_ru_the_path_less_chosen, uniq_robin

Action                   || total
-------------------------++-------
Melee: Spear             ||   110
  Use: Potion            ||     2
 Stab: Sleeping          ||     2
